Map: Overgrown Facility

Players

PureLegacy - Winner!

  • Race: Terran Terran
  • Spawn Location: 7:00

GoodLuckHave - Winner!

  • Race: Protoss Protoss
  • Spawn Location: 9:00

OutOfSpace

  • Race: Terran Terran
  • League: Diamond
  • Spawn Location: 3:00

Amidatonga

  • Race: Terran Terran
  • Spawn Location: 1:00

VOD

Have the link to the VOD?

Description

Time

  • Played on: Nov. 22, 2018, 3:45 p.m.
  • Length: 4:09
Show
View Real Time Build Order
Export as new Build Order

PureLegacy Terran - Winner!

Build Orders:  

Get SALT Encoding   

  12  0:01  SCV  
  13  0:13  SCV  
  14  0:19  Supply Depot  
  14  0:25  SCV  
  15  0:36  Refinery  
  15  0:40  SCV  
  16  0:45  Barracks  
  16  0:53  SCV  
  17  1:03  Barracks  
  17  1:14  Barracks  
  17  1:22  SCV  
  18  1:33  Reaper  
  18  1:38  Orbital Command  
  19  1:46  Refinery  
  19  1:54  Reaper  
  20  2:00  Supply Depot  
  20  2:03  Reaper  
  21  2:14  Reaper  
  22  2:16  SCV  
  23  2:23  Supply Depot  
  23  2:27  Reaper  
  23  2:28  SCV  
  25  2:37  Reaper  
  25  2:40  SCV  
  27  2:49  Reaper  
  28  2:59  Reaper  
  28  3:01  SCV  
  30  3:09  Reaper  
  31  3:21  Reaper, SCV  
  31  3:25  Command Center  
  33  3:33  Reaper  
  35  4:05  Barracks  
  35  4:06  Supply Depot  
  35  4:07  Barracks  
Show
View Real Time Build Order
Export as new Build Order

GoodLuckHave Protoss - Winner!

Build Orders: Oracle Opening, Phoenix Opening 

Get SALT Encoding   

  12  0:02  Probe  
  13  0:14  Probe  
  13  0:18  Pylon  
  14  0:26  Probe  
  15  0:34  Probe  
  15  0:41  Gateway  
  15  0:42  Probe  
  17  0:53  Probe  
  17  0:55  Assimilator  
  18  1:05  Probe  
  19  1:14  Assimilator  
  19  1:17  Probe  
  20  1:29  Probe, Cybernetics Core  
  21  1:40  Pylon  
  21  1:41  Probe  
  22  1:53  Probe  
  23  1:57  Adept  
  23  2:05  Probe  
  26  2:11  Stargate  
  26  2:18  Probe  
  26  2:19  Pylon  
  27  2:30  Probe  
  28  2:42  Probe  
  29  2:49  Phoenix  
  29  2:51  Nexus  
  29  2:54  Probe  
  32  3:06  Probe  
  32  3:09  Phoenix  
  33  3:14  Pylon  
  33  3:18  Probe  
  36  3:30  Probe  
  36  3:32  Oracle  
  40  3:42  Probe  
  41  3:54  Probe  
  42  3:59  Stargate  
Show
View Real Time Build Order
Export as new Build Order

OutOfSpace Terran 

Build Orders:  

Get SALT Encoding   

  12  0:01  SCV  
  13  0:13  SCV  
  14  0:18  Supply Depot  
  14  0:25  SCV  
  15  0:30  Refinery  
  15  0:40  SCV  
  16  0:46  Barracks  
  16  0:52  SCV  
  17  1:04  SCV  
  18  1:16  SCV  
  20  1:33  Orbital Command  
  20  1:34  Reaper  
  20  1:49  Command Center  
  20  1:58  Factory  
  20  2:02  SCV  
  21  2:09  Reaper  
  22  2:18  Supply Depot, SCV  
  23  2:29  Refinery  
  23  2:39  SCV  
  23  2:41  Reaper  
  23  2:43  Hellion  
  27  3:00  Supply Depot  
  27  3:03  SCV  
  27  3:04  Hellion  
  27  3:05  Orbital Command  
  24  3:20  Reaper  
  24  3:26  Hellion  
Show
View Real Time Build Order
Export as new Build Order

Amidatonga Terran 

Build Orders:  

Get SALT Encoding   

  12  0:01  SCV  
  13  0:13  SCV  
  14  0:18  Supply Depot  
  14  0:25  SCV  
  15  0:39  SCV  
  15  0:41  Barracks  
  16  0:47  Refinery  
  16  0:52  Refinery  
  16  0:56  SCV  
  17  1:08  SCV  
  18  1:28  Orbital Command  
  18  1:31  Supply Depot  
  18  1:32  Reaper  
  19  1:45  Factory  
  19  1:56  SCV  
  21  2:08  Reaper  
  21  2:11  SCV  
  21  2:25  SCV  
  22  2:31  Factory  
  22  2:37  SCV  
  22  2:42  Supply Depot  
  23  2:48  Widow Mine  
  25  2:53  Barracks Tech Lab  
  25  2:54  SCV  
  26  3:06  SCV  
  27  3:14  Factory Tech Lab  
  27  3:22  Barracks Tech Lab  
  27  3:35  Cyclone  
  27  3:36  Cyclone  
  32  3:44  SCV  
  32  3:56  SCV, Command Center  
Tags
 
Add a new tag
Caveats
  • Supply blocks, unpowered buildings, or Contaminate may cause inaccurate times.
  • Supply counts are checked every 10 seconds.